 Dungeon Sprint DCSS version 0.26-a0-854-gdc81c2f471 (webtiles) character file.

Game seed: 18433154709661530625

19593 Conn the Unseen (level 12, -12/82 HPs)
             Began as an Octopode Brigand on Nov 23, 2020.
             Was the Champion of Vehumet.
             Killed from afar by an ancient lich (47 damage)
             ... with a lance of force
             ... in the Dungeon (Sprint V: "Ziggurat Sprint").
             The game lasted 00:47:51 (1212 turns).

Conn the Unseen (Octopode Brigand)                  Turns: 1212, Time: 00:47:51

Health: -12/82     AC: 11    Str: 14    XL:     12   Next: 70%
Magic:  0/28       EV: 17    Int: 47    God:    Vehumet [******]
Gold:   0          SH: 10    Dex: 19    Spells: 2/36 levels left

rFire    + . .     SeeInvis +   a - staff of conjuration
rCold    . . .     Faith    .   L - +3 buckler
rNeg     + . .     Spirit   +   x - +2 hat "Taecon" {rCorr}
rPois    +         Reflect  .   U - amulet of Okawaru's Respect {Spirit Int+2 Slay+2}
rElec    .         Harm     .   A - +6 ring of intelligence
rCorr    +         Rampage  .   B - +6 ring of intelligence
MR       +++..     NoTele   +   V - ring "Imez" {rPois MR+ Str+2 Dex+3}
Stlth    +++++++...             M - ring "Hogannel" {MR+ Str-3 Int+7 Dex-4 Stlth+}
HPRegen  0.23/turn              z - ring of Xuafuare {rN+ MR+ Str+5 Int+2}
MPRegen  0.21/turn              q - ring "Wava" {+Blink rF+ Dex+3 Stlth-}
                                y - ring of Mumuarou {*Slow Int+6 Dex+3 SInv}
                                T - ring of Robustness {AC+8}

@: studying Earth Magic
A: almost no armour, stealthy swim, amphibious, 8 rings, constrict 8, camouflage
1, gelatinous body 1
a: Renounce Religion, Evoke Blink


You were in the Dungeon.
You worshipped Vehumet.
Vehumet was exalted by your worship.
You visited 1 branch

Inventory:

Hand Weapons
 b - the +8 lance "Wyrmbane" {slay drac, rPois rF+ rC+ AC+3}
   (You found it in the Dungeon)

   It affects your AC (+3).
   It protects you from fire.
   It protects you from cold.
   It protects you from poison.
 m - the +9 great sword "Ockuzun" {venom, *Contam rC+ Dex+8}
   (You found it in the Dungeon)

   It poisons the flesh of those it strikes.
   It affects your dexterity (+8).
   It protects you from cold.
   It causes magical contamination when unequipped.
 E - the +7 great mace "Firestarter" {inner flame, rF++}
   (You found it in the Dungeon)

   It has been specially enchanted to burn those struck by it, causing extra
   injury to most foes and up to half again as much damage against particularly
   susceptible opponents.
   It greatly protects you from fire.
 G - the +9 sword of Zonguldrok {reap}
   (You found it in the Dungeon)

   If a monster killed with it leaves a corpse in good enough shape, the corpse
   will be animated as a zombie friendly to the killer.
 H - the +6 Majin-Bo {vamp, MP+6 Int+6}
   (You found it in the Dungeon)

   It inflicts no extra harm, but heals its wielder when it wounds a living foe.
   It affects your intelligence (+6).
   It affects your magic capacity (+6).
 J - the +9 heavy crossbow "Sniper" {vorpal, Acc+∞ SInv}
   (You found it in the Dungeon)

   Any bolt fired from it inflicts extra damage.
   It lets you see invisible.
 K - a +9 quick blade
 N - the +10 dark maul {vorpal}
   (You found it in the Dungeon)

   It inflicts extra damage upon your enemies.
 Q - the +9 staff of Olgreb {rPois∞}
   (You found it in the Dungeon)

   It grants immunity to poison.
Missiles
 c - 2 curare-tipped darts (quivered)
 F - 8 poisoned darts
Armour
 x - the +2 hat "Taecon" (worn) {rCorr}
   (You found it in the Dungeon)

   It provides partial protection from all sources of acid and corrosion.
 I - the +18 shield of the Gong {rElec rN+ MR+ EV-5}
   (You found it in the Dungeon)

   It affects your evasion (-5).
   It insulates you from electricity.
   It protects you from negative energy.
   It affects your resistance to hostile enchantments.
 L - a +3 buckler (worn)
Magical Staves
 a - an uncursed staff of conjuration (weapon)
 S - an uncursed staff of cold
 X - an uncursed staff of earth
Jewellery
 q - the ring "Wava" (on tentacle) {+Blink rF+ Dex+3 Stlth-}
   (You found it in the Dungeon)

   [ring of attention]

   It affects your dexterity (+3).
   It protects you from fire.
   It lets you blink.
   It makes you less stealthy.
 y - the ring of Mumuarou (on tentacle) {*Slow Int+6 Dex+3 SInv}
   (You found it in the Dungeon)

   [ring of intelligence]

   It affects your intelligence (+6).
   It affects your dexterity (+3).
   It lets you see invisible.
   It may slow you when you take damage.
 z - the ring of Xuafuare (on tentacle) {rN+ MR+ Str+5 Int+2}
   (You found it in the Dungeon)

   [ring of protection from magic]

   It affects your strength (+5).
   It affects your intelligence (+2).
   It protects you from negative energy.
   It affects your resistance to hostile enchantments.
 A - a +6 ring of intelligence (left tentacle)
 B - a +6 ring of intelligence (right tentacle)
 C - a +6 ring of strength
 D - a +6 ring of strength
 M - the ring "Hogannel" (on tentacle) {MR+ Str-3 Int+7 Dex-4 Stlth+}
   (You found it in the Dungeon)

   [ring of dexterity]

   It affects your strength (-3).
   It affects your intelligence (+7).
   It affects your dexterity (-4).
   It affects your resistance to hostile enchantments.
   It makes you more stealthy.
 R - an uncursed ring of magical power
 T - the ring of Robustness (on tentacle) {AC+8}
   (You found it in the Dungeon)

   [ring of protection]

   It affects your AC (+8).
 U - the amulet of Okawaru's Respect (around mantle) {Spirit Int+2 Slay+2}
   (You found it in the Dungeon)

   [amulet of guardian spirit]

   It causes incoming damage to be split between your health and magic.
   It affects your intelligence (+2).
   It affects your accuracy and damage with ranged weapons and melee attacks
   (+2).
 V - the ring "Imez" (on tentacle) {rPois MR+ Str+2 Dex+3}
   (You found it in the Dungeon)

   [ring of protection from magic]

   It affects your strength (+2).
   It affects your dexterity (+3).
   It protects you from poison.
   It affects your resistance to hostile enchantments.
Wands
 u - a wand of disintegration (7)
 v - a wand of iceblast (6)
 w - a wand of acid (7)
Scrolls
 i - 2 scrolls of blinking
 o - 2 scrolls of amnesia
 p - 7 scrolls of fog
 r - 5 scrolls of identify
 s - 4 scrolls of remove curse
 t - a scroll of fear
Potions
 d - 10 potions of curing
 e - 8 potions of heal wounds
 f - 3 potions of haste
 g - 6 potions of magic
 h - 3 potions of berserk rage
 j - 2 potions of brilliance
 k - 2 potions of invisibility
 l - 4 potions of resistance
 n - 5 potions of might
Books
 P - a manual of Earth Magic
Miscellaneous
 O - a phial of floods
 W - a phantom mirror


   Skills:
 + Level 7.8 Fighting
 + Level 5.6 Short Blades
 + Level 1.2(2.1) Maces & Flails
 - Level 9.6(9.7) Polearms
 + Level 2.5(6.7) Staves
 + Level 2.0 Throwing
 + Level 5.1 Dodging
 - Level 15.6 Stealth
 + Level 7.9 Shields
 + Level 12.9 Spellcasting
 + Level 12.5 Conjurations
 + Level 2.3 Hexes
 - Level 1.8 Transmutations
 + Level 10.8 Fire Magic
 - Level 3.1 Ice Magic
 - Level 4.0 Air Magic
 - Level 7.8 Earth Magic
 - Level 7.2 Poison Magic
 - Level 9.1 Evocations


You had 2 spell levels left.
You knew the following spells:

 Your Spells              Type           Power        Failure   Level
a - Ignite Poison         Fire/Tmut/Pois #######.     1%          3
b - Searing Ray           Conj           ######       0%          2
c - Mephitic Cloud        Conj/Pois/Air  ########     1%          3
d - Iron Shot             Conj/Erth      ########..   1%          6
e - Bolt of Magma         Conj/Fire/Erth ########..   1%          5
f - Inner Flame           Hex/Fire       #######.     1%          3
g - Fireball              Conj/Fire      ########..   1%          5
h - Ozocubu's Armour      Ice            ######..     1%          3
i - Iskenderun's Mystic   Conj/Tloc      #######.     1%          4

Your spell library contained the following spells:

 Spells                   Type           Power        Failure   Level
 Irradiate                Conj/Tmut      #######...   1%          5
 Foxfire                  Conj/Fire      ####         0%          1
 Magic Dart               Conj           ####         0%          1
 Freeze                   Ice            ####         1%          1
 Sandblast                Erth           ######       1%          1
 Sting                    Tmut/Pois      ####         1%          1
 Corpse Rot               Necr/Air       N/A          1%          2
 Sublimation of Blood     Necr           ####......   1%          2
 Conjure Flame            Conj/Fire      ########     0%          3
 Dazzling Flash           Conj/Hex       ######       1%          3
 Frozen Ramparts          Ice            ######       1%          3
 Static Discharge         Conj/Air       ########     1%          3
 Airstrike                Air            ######....   1%          4
 Fulminant Prism          Conj/Hex       ########..   1%          4
 Hailstorm                Conj/Ice       ########     1%          4
 Leda's Liquefaction      Hex/Erth       ######....   1%          4
 Sticky Flame             Conj/Fire      ########     1%          4
 Starburst                Conj/Fire      ########..   1%          6
 Summon Lightning Spire   Summ/Air       #####...     3%          4
 Summon Ice Beast         Ice/Summ       #####...     4%          4
 Silence                  Hex/Air        ######....   6%          5
 Dispel Undead            Necr           ####....     9%          4
 Ignition                 Fire           #######...   17%         8
 Lehudib's Crystal Spear  Conj/Erth      ########..   21%         8
 Agony                    Necr           ####....     22%         5
 Excruciating Wounds      Necr           ####......   22%         5
 Chain Lightning          Conj/Air       ########..   41%         8
 Fire Storm               Conj/Fire      ########..   83%         9
 Absolute Zero            Ice            ######....   100%        9


Dungeon Overview and Level Annotations

Branches:
Dungeon (1/1)

Altars:
Ashenzari
Cheibriados
Dithmenos
Elyvilon
Fedhas
Gozag
Hepliaklqana
Kikubaaqudgha
Makhleb
Nemelex Xobeh
Okawaru
Qazlal
Ru
Sif Muna
Trog
Uskayaw
Vehumet
Wu Jian
Xom
Yredelemnul
Zin
The Shining One
Beogh
Jiyva
Lugonu


Innate Abilities, Weirdness & Mutations

You cannot wear most types of armour.
You are very stealthy in the water. (Stealth+)
You are amphibious.
You can wear up to eight rings at the same time.
You can use your tentacles to constrict eight enemies at once.
Your skin changes colour to match your surroundings (Stealth+).
Your rubbery body absorbs attacks. (AC +1, EV +1)


Message History

Press: ? - help, Shift-Dir - straight line, f/p - ancient lich
Aim: an ancient lich (lightly damaged, 15% to evade)
You feel a surge of power!
The iron shot misses the ancient lich.
The shadow barely misses you.
The ancient lich gestures at you while chanting.
The lance of force hits you!!
You are knocked back by the lance of force.
You slam into the unnaturally hard rock wall!
Casting: Iron Shot (dangerous; 1% risk of failure)
Confirm with . or Enter, or press ? or * to list all spells.
Aiming: Iron Shot (dangerous; 1% risk of failure)
Press: ? - help, Shift-Dir - straight line, f/p - ancient lich
Aim: an ancient lich (lightly damaged, 15% to evade)
You feel a surge of power!
The iron shot hits the ancient lich!!!
The ancient lich is heavily damaged.
The shadow completely misses you.
The ancient lich gestures at you while chanting.
The lance of force hits you!!!
Ouch! That really hurt!
You die...

▓...:[|z)...▓...8©8.
▓..W........▓..=).})
▓....W......▓...))).
▓.....W.Z...▓......:
▓.....z.....▓...)...
▓. ▓..L..▓ ▓.......
▓.▓▓▓)..▓▓ ▓.).))..
▓..▓)....▓..▓.▓)....
▓..@W.©.....▓.|).©..
▓▓▓▓▓▓▓▓▓▓▓▓▓▓▓▓▓▓▓▓
▓...8©8...▓...8©8...
▓....}.}=.▓..[|[|...
▓..|}}[)..▓..))})[..
▓.........▓.........
▓.........▓....)[...
▓.........▓...).....
▓.........▓....)....


You could see an ancient lich, 2 shadows, a wight and a giant cockroach zombie.

Vanquished Creatures
  A deep elf annihilator (D)
  A death ooze (D)
  3 dancing weapons (D)
  2 vampire magi (D)
  A deep elf knight (D)
  A spriggan druid (D)
  2 skeletal warriors (D)
  3 necromancers (D)
  8 deep elf magi (D)
  4 toenail golems (D)
  5 draconians (D)
  An eye of devastation (D)
  2 hornets (D)
  A slime creature (D)
  A tarantella (D)
  4 spriggans (D)
  2 shadows (D)
  A fire elemental (D)
  4 golden eyes (D)
  A chaos spawn (D)
  A hell hound (D)
  A phantom (D)
  2 necrophages (D)
  2 wolves (D)
  An earth elemental (D)
  2 scorpions (D)
  4 wights (D)
  An orc priest (D)
  4 jellies (D)
  An iron imp (D)
  2 orc wizards (D)
  3 adder zombies (D)
  3 adder skeletons (D)
  An orc (D)
  2 bat skeletons (D)
  A bat zombie (D)
  A jackal skeleton (D)
  A quokka skeleton (D)
  A quokka zombie (D)
82 creatures vanquished.

Vanquished Creatures (collateral kills)
  A deep elf death mage (D)
  A deep elf archer (D)
2 creatures vanquished.

Grand Total: 84 creatures vanquished

Notes
Turn   | Place    | Note
-------+----------+-------------------------------------------
     0 | D        | Conn the Octopode Brigand began the quest for the Orb.
     0 | D        | Reached XP level 1. HP: 14/14 MP: 1/1
     0 | D        | Found a shimmering blue altar of Sif Muna.
     0 | D        | Found a sacrificial altar of Ru.
     0 | D        | Found a bloodstained altar of Trog.
     0 | D        | Found a stormy altar of Qazlal.
     0 | D        | Found an iron altar of Okawaru.
     0 | D        | Found a sparkling altar of Nemelex Xobeh.
     0 | D        | Found a blossoming altar of Fedhas.
     1 | D        | Found the +6 Majin-Bo {vamp, MP+6 Int+6}
     1 | D        | Found the +9 heavy crossbow "Sniper" {vorpal, Acc+∞ SInv}
     1 | D        | Found the +10 dark maul {vorpal}
     1 | D        | Found the +15 Maxwell's patent armour {-Cast -Tele rElec
                  | MR+ rCorr}
     1 | D        | Found the +18 shield of the Gong {rElec rN+ MR+ EV-5}
     1 | D        | Found the cursed +14 obsidian axe {vorpal, +Fly SInv
                  | *Curse}
     1 | D        | Found the +7 great mace "Firestarter" {inner flame, rF++}
     1 | D        | Found the +6 shillelagh "Devastator" {shatter}
     1 | D        | Found the +11 plutonium sword {*Contam Stlth-}
     1 | D        | Found the +8 lance "Wyrmbane" {slay drac, rPois rF+ rC+
                  | AC+3}
     1 | D        | Found the +9 sword of Zonguldrok {reap}
     1 | D        | Found the cursed +13 scythe of Curses {drain, *Curse}
     1 | D        | Found the +0 sword of Power
     1 | D        | Found the +7 mace of Variability {chain chaos}
     1 | D        | Found the +7 Singing Sword {vorpal, sonic wave}
     1 | D        | Found the +8 storm bow {elec, penet}
     2 | D        | Found a transporter.
     2 | D        | Found an ancient bone altar of Kikubaaqudgha.
     2 | D        | Found a viscous altar of Jiyva.
     2 | D        | Found a corrupted altar of Lugonu.
     2 | D        | Found a hazy altar of Hepliaklqana.
     2 | D        | Found a burning altar of Makhleb.
     2 | D        | Found an opulent altar of Gozag.
    25 | D        | Became a worshipper of Vehumet
    87 | D        | Entered arena 2.
    87 | D        | Noticed a chaos spawn
    87 | D        | Noticed an iron imp
    87 | D        | Found a transporter.
    91 | D        | Killed an iron imp
    92 | D        | Reached skill level 8 in Stealth
    92 | D        | Reached XP level 2. HP: 20/20 MP: 1/5
    92 | D        | Reached XP level 3. HP: 25/25 MP: 1/6
    94 | D        | Killed a chaos spawn
    95 | D        | Reached skill level 12 in Stealth
    95 | D        | Reached XP level 4. HP: 31/31 MP: 1/10
    95 | D        | Reached XP level 5. HP: 36/36 MP: 1/11
   121 | D        | Entered arena 3.
   121 | D        | Noticed a tarantella
   121 | D        | Found a transporter.
   126 | D        | Killed a tarantella
   126 | D        | Reached * piety under Vehumet
   126 | D        | Offered knowledge of Magic Dart by Vehumet.
   127 | D        | Reached skill level 14 in Stealth
   127 | D        | Reached skill level 5 in Spellcasting
   127 | D        | Reached XP level 6. HP: 43/43 MP: 3/14
   132 | D        | Reached skill level 15 in Stealth
   138 | D        | Got the Papyrus of Earthen Contamination
   150 | D        | Learned a level 1 spell: Magic Dart
   154 | D        | Learned a level 3 spell: Mephitic Cloud
   160 | D        | Learned a level 5 spell: Bolt of Magma
   167 | D        | Learned a level 6 spell: Iron Shot
   198 | D        | Entered arena 4.
   198 | D        | Found a transporter.
   204 | D        | Reached ** piety under Vehumet
   204 | D        | Offered knowledge of Searing Ray by Vehumet.
   205 | D        | Reached skill level 1 in Poison Magic
   205 | D        | Reached XP level 7. HP: 49/49 MP: 13/16
   207 | D        | Reached skill level 1 in Conjurations
   207 | D        | Reached skill level 1 in Fire Magic
   207 | D        | Reached skill level 1 in Earth Magic
   227 | D        | Learned a level 2 spell: Searing Ray
   232 | D        | Entered arena 5.
   232 | D        | Noticed a toenail golem
   232 | D        | Noticed a toenail golem
   232 | D        | Noticed a toenail golem
   232 | D        | Noticed a toenail golem
   232 | D        | Found a transporter.
   236 | D        | Killed a toenail golem
   236 | D        | Offered knowledge of Inner Flame by Vehumet.
   236 | D        | Reached *** piety under Vehumet
   237 | D        | Reached XP level 8. HP: 54/54 MP: 14/17
   262 | D        | Reached XP level 9. HP: 43/60 MP: 18/18
   263 | D        | Killed a toenail golem
   264 | D        | Reached skill level 5 in Fighting
   264 | D        | Reached skill level 5 in Short Blades
   264 | D        | Reached skill level 5 in Poison Magic
   266 | D        | Killed a toenail golem
   267 | D        | Reached skill level 5 in Fire Magic
   267 | D        | Reached skill level 1 in Evocations
   272 | D        | Killed a toenail golem
   276 | D        | Got the ring of the Real Monster {Str+4 Stlth+}
   296 | D        | Learned a level 3 spell: Inner Flame
   301 | D        | Entered arena 6.
   301 | D        | Noticed a draconian
   301 | D        | Noticed a draconian
   301 | D        | Noticed a draconian
   301 | D        | Noticed a draconian
   301 | D        | Noticed a draconian
   301 | D        | Found a transporter.
   302 | D        | Found the ring of Robustness {AC+8}
   309 | D        | Killed a draconian
   309 | D        | Offered knowledge of Sticky Flame by Vehumet.
   309 | D        | Reached **** piety under Vehumet
   310 | D        | Reached skill level 1 in Staves
   310 | D        | Reached skill level 1 in Shields
   310 | D        | Reached skill level 1 in Air Magic
   314 | D        | Killed a draconian
   315 | D        | Reached skill level 1 in Polearms
   315 | D        | Reached XP level 10. HP: 32/66 MP: 6/21
   315 | D        | Killed a draconian
   320 | D        | Killed a draconian
   325 | D        | Killed a draconian
   326 | D        | Reached skill level 10 in Conjurations
   338 | D        | Got the amulet of Okawaru's Respect {Spirit Int+2 Slay+2}
   512 | D        | Learned a level 4 spell: Sticky Flame
   513 | D        | Entered arena 7.
   515 | D        | Offered knowledge of Ignite Poison by Vehumet.
   515 | D        | Reached ***** piety under Vehumet
   516 | D        | Found a transporter.
   525 | D        | Got the ring "Imez" {rPois MR+ Str+2 Dex+3}
   534 | D        | Got the Handbook of Blistering Lightness
   546 | D        | Learned a level 3 spell: Ignite Poison
   553 | D        | Entered arena 8.
   554 | D        | Found a transporter.
   559 | D        | Offered knowledge of Fireball by Vehumet.
   568 | D        | Reached skill level 1 in Maces & Flails
   591 | D        | Got Asaotium's Almanac of Ignition
   620 | D        | Got the ring "Wava" {+Blink rF+ Dex+3 Stlth-}
   625 | D        | Entered arena 9.
   625 | D        | Noticed a spriggan druid
   625 | D        | Noticed a spriggan rider
   625 | D        | Noticed a spriggan rider
   630 | D        | Reached ****** piety under Vehumet
   631 | D        | Killed a spriggan druid
   632 | D        | Reached skill level 5 in Polearms
   632 | D        | Reached skill level 5 in Shields
   632 | D        | Reached skill level 1 in Hexes
   643 | D        | Found a transporter.
   650 | D        | Got the ring "Xilas" {rCorr Int+3}
   659 | D        | Learned a level 5 spell: Fireball
   660 | D        | Got the +2 hat "Taecon" {rCorr}
   686 | D        | Entered arena 10.
   686 | D        | Noticed a deep elf mage
   686 | D        | Noticed a deep elf mage
   686 | D        | Noticed a +0 mace of holy wrath
   686 | D        | Noticed a deep elf knight
   686 | D        | Noticed a +2 vorpal hand axe
   686 | D        | Noticed a deep elf death mage
   686 | D        | Noticed a deep elf archer
   689 | D        | Killed a +2 vorpal hand axe
   690 | D        | Reached skill level 5 in Evocations
   690 | D        | Reached XP level 11. HP: 73/73 MP: 11/24
   690 | D        | Offered knowledge of Olgreb's Toxic Radiance by Vehumet.
   693 | D        | Killed a deep elf mage
   696 | D        | Killed a +0 mace of holy wrath
   699 | D        | Killed a deep elf mage
   703 | D        | Found a transporter.
   704 | D        | Killed a deep elf death mage
   705 | D        | Reached skill level 10 in Spellcasting
   705 | D        | Killed a deep elf archer
   711 | D        | Killed a deep elf knight
   730 | D        | Got the ring of Mumuarou {*Slow Int+6 Dex+3 SInv}
   814 | D        | Entered arena 11.
   814 | D        | Noticed a +2 war axe of distortion
   814 | D        | Noticed a deep elf mage
   814 | D        | Noticed a deep elf mage
   814 | D        | Noticed a deep elf annihilator
   814 | D        | Noticed a deep elf mage
   814 | D        | Noticed a deep elf mage
   814 | D        | Noticed a deep elf mage
   814 | D        | Noticed a deep elf mage
   815 | D        | Found a transporter.
   820 | D        | Killed a deep elf mage
   821 | D        | Killed a deep elf mage
   823 | D        | Killed a deep elf mage
   823 | D        | Killed a deep elf mage
   824 | D        | Reached skill level 1 in Transmutations
   825 | D        | Killed a deep elf annihilator
   826 | D        | Killed a deep elf mage
   827 | D        | Killed a +2 war axe of distortion
   828 | D        | Reached XP level 12. HP: 48/81 MP: 12/27
   852 | D        | Got the +9 great sword "Ockuzun" {venom, *Contam rC+ Dex+8}
   859 | D        | Learned a level 3 spell: Ozocubu's Armour
   860 | D        | Got the ring of Xuafuare {rN+ MR+ Str+5 Int+2}
   864 | D        | Got the cursed ring "Hogannel" {MR+ Str-3 Int+7 Dex-4
                  | Stlth+}
  1069 | D        | Entered arena 12.
  1069 | D        | Noticed a vampire mage
  1070 | D        | Noticed a vampire mage
  1071 | D        | Found the +9 staff of Olgreb {rPois∞}
  1072 | D        | Offered knowledge of Yara's Violent Unravelling by Vehumet.
  1073 | D        | Killed a vampire mage
  1074 | D        | Reached skill level 1 in Ice Magic
  1075 | D        | Killed a vampire mage
  1078 | D        | Reached skill level 10 in Fire Magic
  1078 | D        | Found a transporter.
  1163 | D        | Entered arena 13.
  1163 | D        | Noticed a death ooze
  1164 | D        | Found the +2 cloak of the Thief {*Fog Slay-2 SInv Stlth+}
  1165 | D        | Found a transporter.
  1168 | D        | Killed a death ooze
  1191 | D        | Learned a level 4 spell: Iskenderun's Mystic Blast
  1200 | D        | Entered arena 14.
  1202 | D        | Noticed an ancient lich
  1204 | D        | Offered knowledge of Irradiate by Vehumet.
  1208 | D        | Noticed a blizzard demon
  1209 | D        | Reached skill level 5 in Dodging
  1212 | D        | Killed from afar by an ancient lich

Illustrated notes

Levels and vault maps discovered:
D:        sprint_v [room_start, room_1, room_2, room_3, room_4, room_5, room_6,
          room_7, room_8, room_9, room_10, room_11, room_12, room_13, room_14,
          room_15, room_16, room_17, room_18, room_19, room_20, room_21,
          room_22, room_23, room_24, room_25, room_26, room_27]

Skill      XL: |  1  2  3  4  5  6  7  8  9 10 11 12 |
---------------+-------------------------------------+-----
Stealth        | 8 12 14 15 | 15.6
Spellcasting   | 2 4 5 6 7 9 11 12 | 12.9
Fighting       | 3 4 5 6 7 |  7.8
Short Blades   | 3 4 5 |  5.6
Poison Magic   | 1 4 7 |  7.2
Conjurations   | 3 6 9 10 11 12 | 12.5
Fire Magic     | 3 6 7 9 10 | 10.8
Earth Magic    | 3 6 7 |  7.8
Dodging        | 2 3 4 5 |  5.1
Evocations     | 1 5 8 9 |  9.1
Staves         | 1 2 |  2.5
Shields        | 2 6 7 |  7.9
Air Magic      | 1 2 3 4 |  4.0
Polearms       | 1 6 9 |  9.6
Maces & Flails | 1 |  1.2
Hexes          | 1 2 |  2.3
Transmutations | 1 |  1.8
Ice Magic      | 3 |  3.1
Throwing       | |  2.0

Action                   |  1- 3 |  4- 6 |  7- 9 | 10-12 || total
-------------------------+-------+-------+-------+-------++-------
Melee: Quick blade       |     2 |     6 |     4 |       ||    12
       Tentacles         |     1 |     4 |     8 |    17 ||    30
       Constrict         |     1 |     3 |     4 |    11 ||    19
       Lance             |       |       |     9 |    54 ||    63
       Quarterstaff      |       |       |     3 |       ||     3
       Maul              |       |       |     1 |       ||     1
       Staff             |       |       |       |     1 ||     1
 Cast: Mephitic Cloud    |       |     1 |     2 |     9 ||    12
       Magic Dart        |       |       |     7 |       ||     7
       Bolt of Magma     |       |       |     2 |     4 ||     6
       Searing Ray       |       |       |     1 |       ||     1
       Iron Shot         |       |       |     4 |     8 ||    12
       Ignite Poison     |       |       |       |     2 ||     2
       Inner Flame       |       |       |       |     1 ||     1
       Fireball          |       |       |       |    12 ||    12
       Ozocubu's Armour  |       |       |       |     2 ||     2
 Abil: Evoke Blink       |       |       |       |     3 ||     3
Evoke: Phial of floods   |       |       |     1 |       ||     1
       Wand              |       |       |     1 |       ||     1
       Phantom mirror    |       |       |       |     1 ||     1
  Use: Potion            |     1 |     1 |     4 |     1 ||     7
       Scroll            |       |       |     4 |     7 ||    11
 Stab: Sleeping          |     2 |     2 |     1 |     2 ||     7
       Confused          |       |       |       |     2 ||     2
Armor: Skin              |       |       |       |     6 ||     6
Dodge: Dodged            |       |     1 |    12 |    22 ||    35
Block: Buckler           |       |       |       |    11 ||    11

Table legend: (Time is in decaauts)
 A = Elapsed time spent in this place.
 B = Non-inter-level travel time spent in this place.
 C = Inter-level travel time spent in this place.
 D = Time resting spent in this place.
 E = Time spent auto-exploring this place.
 F = Levels seen in this place.
 G = Mean time per level.
                   A        B        C        D        E       F      G
               +--------+--------+--------+--------+--------+-----+--------+
         Total |   1142 |   1142 |      0 |    487 |      0 |   1 | 1142.0 |
       Dungeon |   1142 |   1142 |      0 |    487 |      0 |   1 | 1142.0 |
               +--------+--------+--------+--------+--------+-----+--------+

Top non-repeatable levels by time:
       D: 1142 daAuts
